 Dungeon Sprint DCSS version 0.18-a0-270-ga9d907f (webtiles) character file.

84681 Kidiri the Imperceptible (level 14, 0/75 HPs)
             Began as a Spriggan Enchanter on Nov 26, 2015.
             Was the Champion of Dithmenos.
             Slain by Frederick
             ... wielding a +0 trident of freezing
              (1 damage)
             ... in the Dungeon (Sprint III: "The Ten Rune Challenge").
             The game lasted 00:44:58 (10046 turns).

Kidiri the Imperceptible (Spriggan Enchanter)      Turns: 10046, Time: 00:44:59

Health: 0/75       AC: 10    Str:  1    XL:     14   Next: 42%
Magic:  29/35      EV: 40    Int: 22    God:    Dithmenos [******]
Gold:   1889       SH: 12    Dex: 28    Spells: 15 memorised, 0 levels left

rFire  + + .     SeeInvis +     I - +6 short sword of Valiance {holy, Str-5 Int+4 Dex+6}
rCold  + + .     Clarity  .     A - +2 robe {rC+ rF+}
rNeg   + . .     SustAt   .     c - +3 buckler {rF+}
rPois  .         Gourm    .     u - +2 hat
rElec  .         Spirit   .     (no cloak)
rCorr  .         Warding  +     (gloves unavailable)
rMut   .         NoTele   +     (boots unavailable)
MR     ++...                    D - amulet of warding
Stlth  ++++++++++               p - +3 ring of dexterity
                                v - ring of protection from cold

@: regenerating, hasted, wreathed by umbra, very quick, very resistant to
hostile enchantments, uncannily stealthy
A: unfitting armour, hooves 1, rough black scales 1, see invisible, herbivore 3,
speed 3, screaming 1, slow metabolism 2, strong 1
a: Shadow Step, Shadow Form, Renounce Religion
}: 2/10 runes: serpentine, barnacled


You were in the Dungeon.
You worshipped Dithmenos.
Dithmenos was exalted by your worship.
You were not hungry.

You visited 1 branch You collected 3835 gold pieces.
You spent 1946 gold pieces at shops.

Inventory:

Hand Weapons
 z - the +2 quick blade "Zeem" {pierce, rF+++ rN+ Str-4 Int+6}
   (You found it in the Dungeon)

   It inflicts extra damage upon your enemies.
   It affects your strength (-4).
   It affects your intelligence (+6).
   It renders you almost immune to fire.
   It protects you from negative energy.
 I - the +6 short sword of Valiance (weapon) {holy, Str-5 Int+4 Dex+6}
   (You took it off a deep elf high priest in the Dungeon)

   It has been blessed by the Shining One to cause great damage to the undead
   and demons.
   It affects your strength (-5).
   It affects your intelligence (+4).
   It affects your dexterity (+6).
Missiles
 b - 10 throwing nets (quivered)
Armour
 c - a +3 buckler of fire resistance (worn)
 j - the +1 robe "Pup Vaf" {Regen+ SInv}
   (You bought it in a shop in the Dungeon)

   It lets you see invisible.
   It increases your rate of regeneration.
 k - the +0 buckler of the Bells {Str+2 Dex+3 Slay-4}
   (You bought it in a shop in the Dungeon)

   It affects your strength (+2).
   It affects your dexterity (+3).
   It affects your accuracy and damage with ranged weapons and melee attacks
   (-4).
 u - a +2 hat (worn)
 A - a +2 robe of resistance (worn)
Jewellery
 p - a +3 ring of dexterity (right hand)
 v - a ring of protection from cold (left hand)
 D - an amulet of warding (around neck)
Wands
 s - a wand of teleportation (2)
 C - a wand of lightning (5)
Scrolls
 d - 2 scrolls of blinking
 h - a scroll of identify
 l - a scroll of holy word
 n - a scroll of recharging
 q - 2 scrolls of remove curse
 E - a scroll of silence
 F - 5 scrolls of amnesia
Potions
 a - a potion of magic
 e - 9 potions of curing
 f - a potion of heal wounds
 i - 2 potions of berserk rage
 m - 2 potions of might
 o - 3 potions of cure mutation
 w - a potion of ambrosia
 x - a potion of cancellation
Comestibles
 r - 28 royal jellies
 t - 10 fruits


   Skills:
 + Level 9.0 Fighting
 * Level 15.8 Short Blades
 + Level 8.4 Armour
 * Level 20.0 Dodging
 * Level 21.3 Stealth
 * Level 3.3 Shields
 * Level 16.9 Spellcasting
 + Level 8.1 Conjurations
 + Level 12.8 Hexes
 + Level 13.6 Charms
 + Level 9.2 Necromancy
 + Level 13.7 Translocations
 + Level 4.4 Transmutations
 + Level 9.1 Ice Magic
 + Level 3.1 Earth Magic
 - Level 2.2 Invocations


You couldn't memorise any spells.
You knew the following spells:

 Your Spells              Type           Power        Failure   Level  Hunger
a - Corona                Hex            ######.      1%          1    None
b - Ensorcelled Hibernat  Hex/Ice        ######       1%          2    None
c - Confuse               Hex            ######..     1%          3    None
d - Tukima's Dance        Hex            ######..     1%          3    None
e - Dazzling Spray        Conj/Hex       ######..     1%          3    None
f - Shroud of Golubria    Chrm/Tloc      ######....   1%          2    None
g - Regeneration          Chrm/Necr      ######....   1%          3    None
h - Infusion              Chrm           ######       0%          1    None
i - Spectral Weapon       Hex/Chrm       ######..     1%          3    None
j - Passwall              Trmt/Erth      #####.....   2%          3    None
k - Passage of Golubria   Tloc           N/A          1%          4    None
l - Lee's Rapid Deconstr  Erth           ####......   34%         5    ##.....
m - Invisibility          Hex            ######..     3%          6    ####...
n - Apportation           Tloc           ######....   0%          1    None
o - Darkness              Hex            ######....   3%          6    ####...


Dungeon Overview and Level Annotations

Branches:
Dungeon (1/1)

Altars:
Cheibriados
Dithmenos
Elyvilon
Fedhas
Gozag
Kikubaaqudgha
Makhleb
Nemelex Xobeh
Okawaru
Qazlal
Ru
Sif Muna
Trog
Vehumet
Xom
Yredelemnul
Zin
The Shining One
Jiyva
Lugonu

Shops:
D (?}(}!}:*[!}?([=(*%

Annotations:
D Frederick


Innate Abilities, Weirdness & Mutations

You are tiny and cannot use many weapons and most armour.
You have supernaturally acute eyesight.
You are a herbivore.
You cover ground extremely quickly.
You need consume almost no food.
You have large cloven feet.
You are partially covered in rough black scales (AC +4, Dex -1).
You occasionally shout uncontrollably at your foes.
Your muscles are strong. (Str +2)


Message History

Frederick is almost dead.
Frederick blocks your shadow's attack.
Frederick blocks your spectral weapon's attack.
Frederick gestures at your spectral weapon while chanting.
The orb of energy hits your spectral weapon.
Your spectral weapon fades away.
The orb of energy explodes!
The mystic blast hits you!
* * * LOW HITPOINT WARNING * * *
You emit a cloud of dark smoke.
Frederick shouts!
Frederick blocks your attack.
Frederick is almost dead.
Unknown command.
Drink which item? (? for menu, Esc to quit)
You feel yourself speed up.
Frederick hits you with a trident of freezing!!
* * * LOW HITPOINT WARNING * * *
Your shroud falls apart!
Frederick freezes you.
You die...

**≈≈###.....%.+..#......#
,*,##.#.#####(####@.....#
####..'.#)..+(#..#......#
...'..#######.+..#......#
#######.....#.####......#
?∩⌠⌠∩.#..#..#.#..#......#
.∩⌠⌠∩.#.#)#.#.§§§#.(....#
.∩∩∩∩.#....)#.#§§#§.....#
.∩∩∩∩.#)....#.#§@@§.....#
......#.#)#.+.#§§#§.....#
##++###..#..#.#§§#...^^^#
.♣..♣.#:....###########+#
......#######**********,*
......#,*,*,*,*,*,*,*,*,*
......#+*+*+*+*+*+*+*+*+*
......#,,,,,,,,,,,,,,,,,*
#######,,,,,,,,,,,,,,,,,*


You could see Frederick.

Vanquished Creatures
  Rupert (D)
  A deep elf master archer (D)
  Gastronok (D)
  A kraken (D)
  Chuck (D)
  Dowan (D)
  A greater naga (D)
  Maud (D)
  A deep elf demonologist (D)
  2 deep elf annihilators (D)
  2 dire elephants (D)
  A fire dragon (D)
  2 deep elf high priests (D)
  A yaktaur captain (D)
  Erolcha (D)
  A naga warrior (D)
  A centaur warrior (D)
  2 anacondas (D)
  2 hydras (D)
  An anaconda (shapeshifter) (D)
  3 alligator snapping turtles (D)
  4 dancing weapons (D)
  4 death yaks (D)
  A spriggan druid (D)
  A lindwurm (D)
  An obsidian statue (D)
  A deep elf summoner (D)
  2 orc sorcerers (D)
  3 deep elf conjurers (D)
  A shining eye (shapeshifter) (D)
  8 ugly things (D)
  2 elephants (D)
  A guardian serpent (D)
  10 black mambas (D)
  Duvessa (D)
  2 spiny frogs (D)
  A fire drake (D)
  A queen bee (D)
  3 deep elf priests (D)
  A komodo dragon (D)
  3 wandering mushrooms (D)
  4 spriggan defenders (D)
  3 slime creatures (D)
  2 giant leeches (D)
  2 orc high priests (D)
  8 blink frogs (D)
  3 snapping turtles (D)
  2 spriggans (D)
  4 redbacks (D)
  2 trapdoor spiders (D)
  A shadow (D)
  A spatial vortex (D)
  2 hill giants (D)
  9 water moccasins (D)
  2 nagas (D)
  A swamp drake (D)
  3 orc warriors (D)
  A necrophage (D)
  3 two-headed ogres (D)
  A water elemental (D)
  32 killer bees (D)
  An electric eel (D)
  A jelly (D)
  3 orc wizards (D)
  4 orc priests (D)
  A necromancer (D)
  A wizard (D)
  A wolf (D)
  3 humans (D)
  A kobold demonologist (D)
  6 adders (D)
  2 oozes (D)
  7 orcs (D)
  2 rats (D)
  8 bushes (D)
  12 plants (D)
  A tentacle (D)
219 creatures vanquished.

Vanquished Creatures (collateral kills)
  An orc warrior (D)
1 creature vanquished.

Vanquished Creatures (others)
  2 draconian scorchers (D)
  A death drake (D)
  3 yaktaurs (D)
  A fungus (D)
  11 plants (D)
  A spectral weapon (D)
  36 tentacles (D)
  236 tentacle segments (D)
291 creatures vanquished.

Grand Total: 511 creatures vanquished

Notes
Turn   | Place    | Note
--------------------------------------------------------------
     0 | D        | Kidiri the Spriggan Enchanter began the quest for the Orb.
     0 | D        | Reached XP level 1. HP: 9/9 MP: 5/5
    17 | D        | Reached XP level 2. HP: 7/14 MP: 5/7
    21 | D        | Learned a level 2 spell: Ensorcelled Hibernation
   145 | D        | Killed a yaktaur
   202 | D        | Killed a white draconian scorcher
   222 | D        | Killed a white draconian scorcher
   257 | D        | Reached skill level 1 in Fighting
   257 | D        | Reached skill level 1 in Armour
   257 | D        | Reached skill level 5 in Dodging
   257 | D        | Reached skill level 5 in Stealth
   257 | D        | Reached XP level 3. HP: 18/18 MP: 0/9
   262 | D        | Learned a level 3 spell: Confuse
   266 | D        | Learned a level 3 spell: Dazzling Spray
   341 | D        | Reached skill level 6 in Stealth
   341 | D        | Reached skill level 1 in Ice Magic
   366 | D        | Gained mutation: You occasionally shout uncontrollably at your foes. [potion of mutation]
   366 | D        | Gained mutation: You are partially covered in rough black scales (AC +4, Dex -1). [potion of mutation]
   366 | D        | Gained mutation: Your muscles are strong. (Str +2) [potion of mutation]
   367 | D        | Gained mutation: You have large cloven feet. [potion of mutation]
   367 | D        | Gained mutation: You are frail (-10% HP). [potion of mutation]
   367 | D        | Lost mutation: You are frail (-10% HP). [potion of mutation]
   400 | D        | Noticed a water elemental
   403 | D        | Killed a water elemental
   403 | D        | Reached skill level 7 in Stealth
   403 | D        | Reached skill level 5 in Spellcasting
   403 | D        | Reached skill level 1 in Conjurations
   403 | D        | Reached XP level 4. HP: 23/23 MP: 10/12
   408 | D        | Learned a level 3 spell: Tukima's Dance
   417 | D        | Noticed a shadow
   440 | D        | Killed a shadow
   440 | D        | Reached skill level 5 in Short Blades
   440 | D        | Reached skill level 8 in Stealth
   440 | D        | Reached skill level 5 in Hexes
   440 | D        | Reached XP level 5. HP: 27/27 MP: 1/14
   446 | D        | Reached XP level 6. HP: 32/32 MP: 0/16
   568 | D        | Found a stormy altar of Qazlal.
   569 | D        | Found a sacrificial altar of Ru.
   569 | D        | Found a burning altar of Makhleb.
   569 | D        | Found a viscous altar of Jiyva.
   569 | D        | Found a shimmering altar of Xom.
   569 | D        | Found a shadowy altar of Dithmenos.
   569 | D        | Found a sparkling altar of Nemelex Xobeh.
   569 | D        | Found a corrupted altar of Lugonu.
   569 | D        | Found an opulent altar of Gozag.
   569 | D        | Noticed a spatial vortex
   573 | D        | Became a worshipper of Dithmenos the Shadowed
   600 | D        | Killed a spatial vortex
   600 | D        | Reached skill level 9 in Stealth
   600 | D        | Reached skill level 1 in Invocations
   675 | D        | Killed a yaktaur
   714 | D        | Found a radiant altar of Vehumet.
   715 | D        | Found a deep blue altar of Sif Muna.
   715 | D        | Found an ancient bone altar of Kikubaaqudgha.
   743 | D        | Learned a level 2 spell: Shroud of Golubria
   747 | D        | Learned a level 3 spell: Regeneration
   749 | D        | Learned a level 1 spell: Infusion
   785 | D        | Found a glowing silver altar of Zin.
   786 | D        | Found a glowing golden altar of the Shining One.
   786 | D        | Found a white marble altar of Elyvilon.
   786 | D        | Noticed a deep elf priest
   801 | D        | Killed a deep elf priest
   801 | D        | Reached * piety under Dithmenos
   801 | D        | Reached skill level 10 in Stealth
   801 | D        | Reached skill level 1 in Charms
   801 | D        | Reached skill level 1 in Necromancy
   801 | D        | Reached skill level 1 in Translocations
   801 | D        | Reached XP level 7. HP: 33/36 MP: 4/19
   813 | D        | Learned a level 3 spell: Spectral Weapon
   881 | D        | Killed a yaktaur
   916 | D        | Found an iron altar of Okawaru.
   917 | D        | Found a bloodstained altar of Trog.
   917 | D        | Noticed a human
   917 | D        | Noticed a human
   919 | D        | Killed a human
   919 | D        | Reached skill level 10 in Dodging
   920 | D        | Killed a human
   920 | D        | Reached skill level 11 in Stealth
   960 | D        | Found a snail-covered altar of Cheibriados.
   961 | D        | Found a basalt altar of Yredelemnul.
   961 | D        | Found a blossoming altar of Fedhas.
   976 | D        | Reached ** piety under Dithmenos
   976 | D        | Reached XP level 8. HP: 41/41 MP: 11/21
  1055 | D        | Reached *** piety under Dithmenos
  1060 | D        | Noticed Erolcha
  1062 | D        | Killed Erolcha
  1062 | D        | Reached skill level 12 in Stealth
  1062 | D        | Reached XP level 9. HP: 45/45 MP: 21/23
  1063 | D        | Reached skill level 5 in Translocations
  1183 | D        | Reached skill level 5 in Charms
  1217 | D        | Reached **** piety under Dithmenos
  1234 | D        | Reached skill level 10 in Spellcasting
  1297 | D        | Reached skill level 13 in Stealth
  1301 | D        | Reached ***** piety under Dithmenos
  1639 | D        | Reached ****** piety under Dithmenos
  1715 | D        | Reached XP level 10. HP: 51/51 MP: 0/25
  1855 | D        | Reached skill level 14 in Stealth
  1971 | D        | Reached skill level 5 in Fighting
  1971 | D        | Reached skill level 5 in Ice Magic
  2102 | D        | Reached skill level 10 in Short Blades
  2184 | D        | Reached skill level 5 in Armour
  2218 | D        | Noticed a lindwurm
  2221 | D        | Killed a lindwurm
  2230 | D        | Noticed Maud
  2245 | D        | Killed Maud
  2245 | D        | Reached skill level 15 in Stealth
  2245 | D        | Reached skill level 5 in Conjurations
  2245 | D        | Reached skill level 5 in Necromancy
  2245 | D        | Reached XP level 11. HP: 14/56 MP: 7/27
  2479 | D        | Noticed a seven-headed hydra
  2479 | D        | Noticed an eight-headed hydra
  2481 | D        | Noticed a death drake
  2512 | D        | Killed an eight-headed hydra
  2521 | D        | Killed a seven-headed hydra
  2589 | D        | Killed a death drake
  2753 | D        | Found a blossoming altar of Fedhas.
  2753 | D        | Noticed a spriggan druid
  2764 | D        | Killed a spriggan druid
  2764 | D        | Paralysed by a spriggan for 5 turns
  2891 | D        | Noticed an anaconda
  2891 | D        | Noticed an anaconda
  2896 | D        | Killed an anaconda
  2896 | D        | Reached skill level 16 in Stealth
  2901 | D        | Reached skill level 15 in Dodging
  3003 | D        | Killed an anaconda
  3167 | D        | Reached skill level 10 in Hexes
  3282 | D        | Reached skill level 10 in Charms
  3282 | D        | Reached skill level 10 in Translocations
  3283 | D        | Reached XP level 12. HP: 62/62 MP: 28/30
  3296 | D        | Noticed a naga warrior
  3296 | D        | Noticed a greater naga
  3296 | D        | Found Ziqic's Antique Weapon Shop.
  3296 | D        | Found Pofid's Gadget Shoppe.
  3298 | D        | Found Ment's Distillery.
  3299 | D        | Killed a greater naga
  3299 | D        | Reached skill level 17 in Stealth
  3300 | D        | Killed a naga warrior
  3317 | D        | Got a serpentine rune of Zot
  3795 | D        | Noticed Rupert
  3800 | D        | Killed Rupert
  3800 | D        | Reached skill level 18 in Stealth
  4120 | D        | Noticed an azure jelly
  4120 | D        | Noticed an azure jelly
  4160 | D        | Noticed a kraken
  4547 | D        | Killed a kraken
  4550 | D        | Reached XP level 13. HP: 67/67 MP: 19/32
  4653 | D        | Found Feojiysch's Antique Weapon Shoppe.
  4653 | D        | Found Ydwy's Magic Scroll Boutique.
  4653 | D        | Found Hamadub's Gadget Shop.
  4660 | D        | Reached skill level 19 in Stealth
  4662 | D        | Reached skill level 15 in Spellcasting
  4665 | D        | Got a barnacled rune of Zot
  4715 | D        | Noticed an azure jelly
  4715 | D        | Noticed an azure jelly
  4716 | D        | Noticed a dire elephant
  4716 | D        | Noticed a dire elephant
  4716 | D        | Noticed Gastronok
  4729 | D        | Killed Gastronok
  4737 | D        | Killed a dire elephant
  4744 | D        | Killed a dire elephant
  5067 | D        | Found Cuij Qoa's Gadget Boutique.
  5327 | D        | Noticed a deep elf demonologist
  5461 | D        | Noticed a deep elf annihilator
  5469 | D        | Noticed a deep elf annihilator
  5708 | D        | Killed a deep elf annihilator
  5892 | D        | Killed a deep elf demonologist
  5978 | D        | Reached skill level 20 in Stealth
  6155 | D        | Killed a deep elf annihilator
  6291 | D        | Noticed a deep elf master archer
  6292 | D        | Got a transparent long sword {pain}
  6301 | D        | Got a scorched short sword {holy}
  6611 | D        | Identified the +6 short sword of Valiance {holy, Str-5 Int+4 Dex+6} (You took it off a deep elf high priest in the Dungeon)
  7187 | D        | Killed a deep elf master archer
  7372 | D        | Bought a potion of curing for 36 gold pieces
  7372 | D        | Bought a potion of curing for 36 gold pieces
  7372 | D        | Bought a potion of magic for 96 gold pieces
  7372 | D        | Bought a potion of flight for 36 gold pieces
  7372 | D        | Bought 2 potions of curing for 72 gold pieces
  7502 | D        | Bought a scroll of amnesia for 49 gold pieces
  7502 | D        | Bought a scroll of identify for 28 gold pieces
  7502 | D        | Bought a scroll of identify for 28 gold pieces
  7502 | D        | Bought a scroll of identify for 28 gold pieces
  7502 | D        | Bought a scroll of identify for 28 gold pieces
  7502 | D        | Bought a scroll of identify for 28 gold pieces
  7665 | D        | Identified the Catalogue of Aerial Attacks
  7768 | D        | Learned a level 3 spell: Passwall
  7773 | D        | Learned a level 4 spell: Passage of Golubria
  7779 | D        | Learned a level 5 spell: Lee's Rapid Deconstruction
  7786 | D        | Learned a level 6 spell: Invisibility
  7798 | D        | Learned a level 1 spell: Apportation
  7855 | D        | Noticed Dowan
  7855 | D        | Noticed Duvessa
  7858 | D        | Killed Duvessa
  7858 | D        | Reached skill level 1 in Transmutations
  7862 | D        | Killed Dowan
  7862 | D        | Reached skill level 15 in Short Blades
  7862 | D        | Reached skill level 1 in Earth Magic
  8284 | D        | Found Ibureceh's Magic Scroll Emporium.
  8284 | D        | Found Acsoeva's Antique Armour Shop.
  8284 | D        | Found Ginwukuta's Distillery.
  8284 | D        | Found Weinal's Food Shoppe.
  8284 | D        | Found Aliekhemu's Gadget Boutique.
  8284 | D        | Found Tatinleng's Antique Weapon Emporium.
  8284 | D        | Found Vyal's Armour Shoppe.
  8284 | D        | Found Zaullotz's General Store.
  8284 | D        | Found Ygiaraj's Assorted Antiques.
  8284 | D        | Found Goibionn's Antique Weapon Emporium.
  8284 | D        | Found Jouqif's Book Emporium.
  8284 | D        | Found Jozapoga's Jewellery Boutique.
  8302 | D        | Bought a scroll of identify for 56 gold pieces
  8302 | D        | Bought a scroll of blinking for 210 gold pieces
  8304 | D        | Bought a +1 buckler of fire resistance for 181 gold pieces
  8316 | D        | Bought a potion of curing for 33 gold pieces
  8316 | D        | Bought a potion of curing for 33 gold pieces
  8316 | D        | Bought a potion of heal wounds for 55 gold pieces
  8317 | D        | Bought 2 scrolls of identify for 44 gold pieces
  8317 | D        | Bought a scroll of identify for 22 gold pieces
  8317 | D        | Bought a scroll of identify for 22 gold pieces
  8317 | D        | Bought a scroll of blinking for 82 gold pieces
  8317 | D        | Bought a scroll of identify for 22 gold pieces
  8317 | D        | Bought 2 scrolls of enchant armour for 165 gold pieces
  8321 | D        | Bought a scroll of magic mapping for 38 gold pieces
  8334 | D        | Bought a faintly glowing robe for 96 gold pieces
  8334 | D        | Bought a heavily runed buckler for 161 gold pieces
  8344 | D        | Identified the +0 buckler of the Bells {Str+2 Dex+3 Slay-4} (You bought it in a shop in the Dungeon)
  8354 | D        | Identified the +1 robe "Pup Vaf" {Regen+ SInv} (You bought it in a shop in the Dungeon)
  8376 | D        | Bought a potion of curing for 42 gold pieces
  8378 | D        | Bought a +3 ring of dexterity for 219 gold pieces
  8414 | D        | Reached XP level 14. HP: 74/74 MP: 22/35
  8640 | D        | Reached skill level 1 in Shields
  8733 | D        | Got a crystal short sword
  8733 | D        | Got an ebony quick blade
  8734 | D        | Identified the +2 quick blade "Zeem" {pierce, rF+++ rN+ Str-4 Int+6} (You found it in the Dungeon)
  8735 | D        | Identified the +3 short sword of the Saviour {vamp, rN+} (You found it in the Dungeon)
  8758 | D        | Learned a level 6 spell: Darkness
  8784 | D        | Reached skill level 21 in Stealth
  9233 | D        | Noticed Chuck
  9633 | D        | Killed Chuck
  9776 | D        | Noticed Frederick
 10046 | D        | HP: 1/75 [Frederick/trident of freezing (21)]
 10046 | D        | Slain by Frederick

Vault maps used:
D:        dungeon_sprint_mu

Action                   |  1- 3 |  4- 6 |  7- 9 | 10-12 | 13-15 || total
-------------------------+-------+-------+-------+-------+-------++-------
Melee: Dagger            |    15 |    42 |   123 |   114 |    79 ||   373
       Short sword       |       |       |       |       |   643 ||   643
Throw: Throwing net      |       |       |       |       |     2 ||     2
 Cast: Corona            |     2 |       |     3 |       |       ||     5
       Ensorcelled Hiber |     4 |     2 |    41 |    53 |    14 ||   114
       Dazzling Spray    |       |    14 |     3 |    58 |   118 ||   193
       Confuse           |       |     2 |     4 |     2 |     2 ||    10
       Tukima's Dance    |       |     2 |       |     3 |     1 ||     6
       Regeneration      |       |       |     1 |       |     1 ||     2
       Shroud of Golubri |       |       |     2 |     1 |     8 ||    11
       Spectral Weapon   |       |       |       |       |     3 ||     3
       Invisibility      |       |       |       |       |     2 ||     2
       Passage of Golubr |       |       |       |       |     2 ||     2
Invok: Shadow Step       |       |       |       |    10 |    11 ||    21
  Use: Potion            |     2 |     2 |       |       |     5 ||     9
       Scroll            |     2 |       |       |       |    14 ||    16
 Stab: Sleeping          |     6 |     1 |    35 |    49 |    27 ||   118
       Invisible         |       |     1 |     2 |    12 |    14 ||    29
       Confused          |       |       |     2 |       |     2 ||     4
       Distracted        |       |       |       |       |     1 ||     1
  Eat: Bread ration      |       |       |       |     1 |     1 ||     2
